 Dungeon Crawl Stone Soup version 0.20-a0-957-g47ad1fd (webtiles) character file.

4550 MrRokkomies the Fighter (level 10, -13/110 HPs)
             Began as an Ogre Hunter on Feb 4, 2017.
             Was a Priest of Dithmenos.
             Mangled by an orc warrior
             ... wielding a +0 trident
              (20 damage)
             ... on level 9 of the Dungeon on Apr 5, 2017.
             The game lasted 00:24:08 (9769 turns).

MrRokkomies the Fighter (Ogre Hunter)               Turns: 9769, Time: 00:24:08

Health: -13/110    AC:  9    Str: 18    XL:     10   Next: 40%
Magic:  10/10      EV: 11    Int: 12    God:    Dithmenos [***...]
Gold:   472        SH:  7    Dex: 14    Spells: 6/9 levels left

rFire    . . .     SeeInvis .   a - +0 whip (elec)
rCold    . . .     Gourm    .   F - +0 shield
rNeg     . . .     Faith    +   S - +0 robe
rPois    .         Spirit   .   (helmet restricted)
rElec    .         Reflect  .   L - +0 cloak
rCorr    .         Harm     .   (gloves unavailable)
MR       +....                  (boots unavailable)
Stlth    ++........             H - amulet of faith
Regen    0.3/turn               N - +5 ring of protection
MPRegen  0.2/turn               Q - +6 ring of slaying

@: about to teleport, wreathed by umbra
A: unfitting armour, talons 1, agile 1, tough skin 1
a: Shadow Step, Renounce Religion


You were on level 9 of the Dungeon.
You worshipped Dithmenos.
Dithmenos was most pleased with you.
You were not hungry.

You visited 2 branches of the dungeon, and saw 10 of its levels.

You collected 472 gold pieces.

Inventory:

Hand Weapons
 a - a +0 whip of electrocution (weapon)
 b - a +0 blowgun
 o - a +2 dagger of freezing
 J - a +0 giant spiked club
Missiles
 d - a throwing net
 l - 27 poisoned needles
 n - 5 large rocks
 x - 3 javelins
 C - 3 tomahawks (quivered)
Armour
 F - a +0 shield (worn)
 L - a +0 cloak (worn)
 S - a +0 robe (worn)
Jewellery
 e - an uncursed ring of flight
 t - a +4 ring of dexterity
 w - a +4 ring of intelligence
 H - an amulet of faith (around neck)
 N - a +5 ring of protection (left hand)
 Q - a +6 ring of slaying (right hand)
Wands
 i - a wand of enslavement (20/24)
 p - a wand of enslavement (16/24)
 u - a wand of polymorph (12/24)
 E - a wand of polymorph (19/24)
 I - a wand of confusion (19/48)
 O - a wand of iceblast (6/15)
 P - a wand of polymorph (14/24)
Scrolls
 k - a scroll of blinking
 m - 3 scrolls of fog
 s - 3 scrolls of remove curse
 y - 5 scrolls of teleportation
 B - a scroll of recharging
 R - a scroll of amnesia
Potions
 g - a potion of agility
 j - 3 potions of magic
 q - a potion of haste
 r - a potion of flight {unknown}
 v - 2 potions of degeneration {unknown}
 z - a potion of lignification {unknown}
 G - 3 potions of brilliance {unknown}
 K - a potion of invisibility
 M - a potion of curing
Books
 A - a book of Debilitation

   Spells                             Type                      Level
   a - Corona                         Hexes                        1
   b - Slow                           Hexes                        2
   c - Inner Flame                    Hexes/Fire                   3
   d - Portal Projectile              Hexes/Translocation          3
   e - Cause Fear                     Hexes                        4
   f - Leda's Liquefaction            Hexes/Earth                  4
Comestibles
 c - 4 meat rations
 f - 12 bread rations
 h - 3 fruits
 D - a royal jelly


   Skills:
 - Level 10.0 Fighting
 * Level 6.8 Maces & Flails
 - Level 7.0 Throwing
 * Level 8.3 Dodging
 - Level 0.6 Stealth


You had 6 spell levels left.
You knew the following spells:

 Your Spells              Type           Power        Failure   Level  Hunger
a - Portal Projectile     Hex/Tloc       #.....       100%        3    ####...


Dungeon Overview and Level Annotations

Branches:
Dungeon (9/15)             Temple (1/1) D:4
   Lair: D:8-11         Orc: D:9-12

Altars:
Ashenzari
Cheibriados
Dithmenos
Elyvilon
Fedhas
Gozag
Hepliaklqana
Kikubaaqudgha
Makhleb
Nemelex Xobeh
Okawaru
Qazlal
Ru
Sif Muna
Trog
Vehumet
Xom
Zin
The Shining One


Innate Abilities, Weirdness & Mutations

You are too large for most types of armour.
You have tough skin. (AC +1)
You have sharp toenails.
You are agile. (Dex +2)


Message History

As you read the scroll of teleportation, it crumbles to dust.
You feel strangely unstable.
You feel sick. The killer bee closely misses you.
You block the killer bee's attack.
The orc warrior hits you from afar with a trident!!
* * * LOW HITPOINT WARNING * * *
You feel better. The killer bee completely misses you.
The killer bee stings you but does no damage.
You block the orc warrior's attack.
Okay, then.
Okay, then.
Unknown command.
Evoke which item? (* to show all) (? for menu, Esc to quit)
Aiming: Enslavement (will waste charges)
Press: ? - help, Shift-Dir - straight line, f - killer bee
Aim: a killer bee (heavily wounded, umbra, chance to defeat MR: 54%)
The killer bee is charmed.
Evoking this partially-identified wand wasted a few charges.
The killer bee misses your killer bee. The killer bee stings your killer bee.
The orc warrior hits you from afar with a trident!!
You die...

#........#
#......yy###
#.....y..y.#.#
#......y......
#....y..#.....
#####y..# ...
#...# # ###o###
#..yy@# #.#.###
#.._..# ###.#.#
#.....# ...
###.###....
#########........
.................
++##...>.###+#..


You could see an orc warrior, a killer bee and a friendly killer bee.

Vanquished Creatures
  Pikel (D:5)
  A queen bee (D:9)
  Prince Ribbit (D:8)
  Grum (D:8)
  Menkaure (D:5)
  2 sky beasts
  4 ice beasts
  A phantom (D:8)
  A black bear (D:6)
  4 orc warriors
  2 wolves (D:8)
  2 ogres (D:7)
  A big kobold (D:8)
  2 bullfrogs
  2 gnoll sergeants
  3 scorpions
  5 killer bees (D:9)
  3 howler monkeys (D:7)
  A centaur zombie (D:3)
  4 crimson imps
  2 jellies
  4 hounds
  A centaur skeleton (D:6)
  7 orc wizards
  Terence (D:2)
  4 iguanas
  5 worker ants
  A killer bee zombie (D:5)
  4 adders
  13 gnolls
  A shadow imp (D:6)
  2 oozes
  3 worms
  7 leopard geckos
  34 orcs
  3 bats
  3 giant cockroaches
  6 goblins
  4 hobgoblins
  17 jackals
  13 kobolds
  6 quokkas
  7 frilled lizards
  A leopard gecko skeleton (D:5)
  A leopard gecko zombie (D:4)
  11 rats
203 creatures vanquished.

Vanquished Creatures (others)
  A crimson imp (D:5)
  An orc wizard (D:8)
2 creatures vanquished.

Grand Total: 205 creatures vanquished

Notes
Turn   | Place    | Note
-------+----------+-------------------------------------------
     0 | D:1      | MrRokkomies the Ogre Hunter began the quest for the Orb.
     0 | D:1      | Reached XP level 1. HP: 22/22 MP: 1/1
    65 | D:1      | Reached skill level 3 in Fighting
   302 | D:1      | Reached XP level 2. HP: 20/31 MP: 2/2
   730 | D:1      | Found a shimmering altar of Xom.
   940 | D:1      | Upgraded the game from 0.20-a0-555-gf6ae02d to 0.20-a0-957-g47ad1fd
  1109 | D:2      | Gained mutation: You are resistant to hostile enchantments. (MR+) [potion of mutation]
  1109 | D:2      | Gained mutation: Your muscles are strong. (Str +2) [potion of mutation]
  1109 | D:2      | Gained mutation: You are agile. (Dex +2) [potion of mutation]
  1110 | D:2      | Lost mutation: Your muscles are strong. (Str +2) [potion of mutation]
  1110 | D:2      | Lost mutation: You are agile. (Dex +2) [potion of mutation]
  1110 | D:2      | Lost mutation: You are resistant to hostile enchantments. (MR+) [potion of mutation]
  1110 | D:2      | Gained mutation: You have sharp toenails. [potion of mutation]
  1110 | D:2      | Gained mutation: You are agile. (Dex +2) [potion of mutation]
  1116 | D:2      | Noticed Terence
  1120 | D:2      | Killed Terence
  1120 | D:2      | Reached skill level 4 in Fighting
  1120 | D:2      | Reached XP level 3. HP: 32/39 MP: 3/3
  1499 | D:2      | Reached XP level 4. HP: 48/48 MP: 4/4
  1952 | D:3      | Reached skill level 5 in Throwing
  2350 | D:3      | Reached skill level 5 in Fighting
  2394 | D:3      | Reached XP level 5. HP: 52/57 MP: 5/5
  2739 | D:4      | Reached skill level 6 in Fighting
  3031 | D:4      | Reached XP level 6. HP: 54/67 MP: 6/6
  3126 | D:4      | Found a staircase to the Ecumenical Temple.
  3309 | Temple   | Entered the Ecumenical Temple
  3464 | Temple   | Became a worshipper of Dithmenos the Shadowed
  3701 | D:5      | Entered Level 5 of the Dungeon
  3714 | D:5      | Found a glowing silver altar of Zin.
  3757 | D:5      | Reached skill level 7 in Fighting
  4037 | D:5      | Noticed an ice beast
  4056 | D:5      | Killed an ice beast
  4056 | D:5      | Reached XP level 7. HP: 42/78 MP: 7/7
  4395 | D:5      | Reached skill level 8 in Fighting
  4398 | D:5      | HP: 4/80 [orc/mace (6)]
  4799 | D:5      | Noticed Menkaure
  4985 | D:5      | Noticed Pikel
  5119 | D:5      | Killed Pikel
  5119 | D:5      | Reached skill level 9 in Fighting
  5119 | D:5      | Reached XP level 8. HP: 78/93 MP: 8/8
  5348 | D:5      | Killed Menkaure
  5348 | D:5      | Reached skill level 10 in Fighting
  5512 | D:5      | Reached skill level 1 in Maces & Flails
  5598 | D:6      | Reached * piety under Dithmenos
  5860 | D:6      | Reached skill level 5 in Dodging
  5860 | D:6      | Reached XP level 9. HP: 86/101 MP: 9/9
  6077 | D:6      | Learned a level 3 spell: Portal Projectile
  6080 | D:6      | Found a stormy altar of Qazlal.
  6418 | D:6      | Found a hazy altar of Hepliaklqana.
  7569 | D:7      | Reached ** piety under Dithmenos
  8551 | D:7      | Reached skill level 5 in Maces & Flails
  8671 | D:8      | Noticed Grum
  8673 | D:8      | Noticed Prince Ribbit
  8700 | D:8      | Killed Grum
  8705 | D:8      | Reached XP level 10. HP: 64/110 MP: 10/10
  8720 | D:8      | Killed Prince Ribbit
  9571 | D:8      | Reached *** piety under Dithmenos
  9682 | D:9      | Found an opulent altar of Gozag.
  9767 | D:9      | HP: 2/110 [orc warrior/trident (19)]
  9769 | D:9      | Mangled by an orc warrior

Vault maps used:
D:1:      minmay_arrival_four_houses, xom_teletrap_fun
D:2:      uniq_terence
D:3:      first_bread
D:4:      temple_fountains
D:5:      basic_altar, uniq_pikel, uniq_menkaure
D:6:      kennysheep_little_box, nicolae_qazlal_eye_of_the_storm
D:8:      uniq_prince_ribbit1, uniq_grum
D:9:      minitemple, david_nohive_1,
          nicolae_gozag_cash_rules_everything_around_me
Temple:   minmay_crystal_spiral_temple

Skill      XL: |  1  2  3  4  5  6  7  8  9 10 |
---------------+-------------------------------+-----
Fighting       | 3 4 5 6 7 9 10 | 10.0
Throwing       | 5 6 7 |  7.0
Dodging        | 3 5 7 8 |  8.3
Maces & Flails | 2 5 6 |  6.8
Stealth        | |  0.6

Action                   |  1- 3 |  4- 6 |  7- 9 | 10-12 || total
-------------------------+-------+-------+-------+-------++-------
Melee: Short sword       |    79 |       |       |       ||    79
       Dagger            |    27 |   203 |    74 |       ||   304
       Kick              |     3 |    71 |   132 |    38 ||   244
       Whip              |       |       |   292 |   152 ||   444
Throw: Large rock        |     3 |    12 |     9 |       ||    24
       Javelin           |       |     1 |     6 |     3 ||    10
       Tomahawk          |       |     5 |    20 |     6 ||    31
       Throwing net      |       |     1 |     1 |     2 ||     4
Evoke: Wand              |       |       |     2 |     2 ||     4
  Use: Scroll            |     4 |     9 |     6 |     1 ||    20
       Potion            |     2 |     1 |     5 |     1 ||     9
 Stab: Sleeping          |       |     5 |     3 |       ||     8
       Distracted        |       |     1 |       |       ||     1
       Held in net/web   |       |     1 |       |       ||     1
       Confused          |       |       |     2 |       ||     2
  Eat: Chunk             |     2 |     8 |    15 |     2 ||    27
       Royal jelly       |       |       |       |     1 ||     1
Armor: Robe              |    40 |    46 |    55 |    42 ||   183
Dodge: Dodged            |    65 |    78 |   196 |    79 ||   418
Block: Shield            |       |       |    52 |    57 ||   109
